AoeStats
← claudio_miranda_94

Arabia

510217698Analyzed
1v1 RM · 2d ago on Sep 30, 2026· 38m 12s· 2 players
Game mode
Random Map
Map size
Tiny (2 player)
Population
200
Speed
Normal
Resources
Standard
Victory
Conquest
Starting age
Dark Age
Ending age
Imperial Age
RankedLock teamsTeams togetherTeam positionsShared explorationLock speedFull tech treeHidden civsTurbo modeCheats
Victory
Defeat
🇵🇪 Romans · Peru
822
+15
🇨🇱 Sicilians · Chile
806
-15
claudio_miranda_94
2:51 Loom
14:17 Feudal Age
15:08 Horse Collar
15:21 Double-Bit Axe
18:38 Scale Mail Armor
26:02 Town Watch
26:53 Wheelbarrow
28:47 Castle Age
27:03 Bloodlines
28:53 Gold Mining
28:57 Stone Mining
29:41 Husbandry
30:02 Scale Barding Armor
30:09 Forging
34:14 Gold Shaft Mining
37:27 Chain Barding Armor
renzo9588
5:14 Loom
12:01 Feudal Age
20:58 Castle Age
Connection lost

Rejoining the realm…

Still unreachable

The connection could not be restored.

Session expired

The server has moved on; the page needs a fresh start.